 Dungeon Crawl Stone Soup version 0.31-a0-210-gccc998d (webtiles) character file.

Game seed: 13491434095563562915

1160 Dawnplanks the Gusty (level 8, -8/43 HPs)
             Began as a Tengu Air Elementalist on June 30, 2023.
             Was an Initiate of Vehumet.
             Mangled by a swamp drake (10 damage)
             ... on level 6 of the Dungeon.
             The game lasted 00:14:18 (6458 turns).

Dawnplanks the Gusty (Tengu Air Elementalist)       Turns: 6458, Time: 00:14:19

Health: -8/43      AC:  3    Str:  6 (8)  XL:     8   Next: 39%
Magic:  12/17      EV: 19    Int: 16 (17) God:    Vehumet [......]
Gold:   206        SH:  0    Dex: 14 (16) Spells: 8/18 levels left

rFire   . . .        v - +0 short sword (protect)
rCold   + . .        (no shield)
rNeg    . . .        u - +0 leather armour {rC+}
rPois   .            (helmet restricted)
rElec   .            (no cloak)
rCorr   .            (no gloves)
SInv    .            (boots unavailable)
Will    .....        (no amulet)
Stlth   ++           g - +5 ring of evasion
HPRegen 0.27/turn    (no ring)
MPRegen 0.15/turn

%: no passive effects
@: flying quickly and evasively, studying Fighting, quick
A: beak, talons 3, nimble flight
a: Renounce Religion


You were on level 6 of the Dungeon.
You worshipped Vehumet.
Vehumet was noncommittal.
You visited 1 branch of the dungeon, and saw 6 of its levels.

You collected 206 gold pieces.

Inventory:

Hand Weapons
 v - a +0 short sword of protection (weapon)
Armour
 a - a +0 robe
 u - a +0 leather armour of cold resistance (worn)
Jewellery
 g - a +5 ring of evasion (left hand)
 A - a ring of ice
Wands
 t - a wand of polymorph (5)
Scrolls
 c - a scroll of noise {unknown}
 d - a scroll of brand weapon {unknown}
 e - a scroll of vulnerability {unknown}
 f - 2 scrolls of teleportation {unknown}
 j - 6 scrolls of identify {unknown}
 m - 2 scrolls of blinking {unknown}
 p - 2 scrolls of butterflies {unknown}
 q - 3 scrolls of amnesia {unknown}
 r - a scroll of silence {unknown}
 y - a scroll of fog {unknown}
 B - a scroll of fear {unknown}
 C - a scroll of enchant armour {unknown}
Potions
 b - a potion of magic
 h - a potion of enlightenment {unknown}
 i - 2 potions of lignification {unknown}
 k - 2 potions of degeneration
 l - 3 potions of curing {unknown}
 n - 2 potions of brilliance {unknown}
 o - 2 potions of invisibility {unknown}
 s - a potion of might {unknown}
 w - a potion of cancellation {unknown}
 x - a potion of haste {unknown}
 z - a potion of ambrosia {unknown}


   Skills:
 + Level 1.1 Fighting
 + Level 3.0 Armour
 + Level 2.8 Dodging
 + Level 2.9 Stealth
 + Level 5.6 Spellcasting
 + Level 5.3 Conjurations
 * Level 1.0 Summonings
 + Level 7.6 Air Magic


You had 8 spell levels left.
You knew the following spells:

 Your Spells              Type           Power      Damage    Failure   Level
a - Shock                 Conj/Air       100%       1d9       1%          1
b - Static Discharge      Conj/Air       50%        2-5/arc   2%          2
c - Swiftness             Air            29%        N/A       2%          3
d - Airstrike             Air            14%        2d(3-19)  9%          4

Your spell library contained the following spells:

 Spells                   Type           Power      Damage    Failure   Level
 Summon Small Mammal      Summ           28%        N/A       14%         1
 Apportation              Tloc           8%         N/A       22%         1
 Necrotise                Necr           16%        1d4       22%         1
 Lesser Beckoning         Tloc           8%         N/A       32%         2
 Summon Lightning Spire   Summ/Air       18%        N/A       36%         4
 Gell's Gravitas          Tloc           4%         N/A       54%         3
 Teleport Other           Tloc           4%         N/A       54%         3


Dungeon Overview and Level Annotations

Branches:
Dungeon (6/15)
 Temple: D:4-7

Altars:
Ashenzari
Makhleb
Okawaru
Vehumet
Yredelemnul
Zin

Annotations:
D:5 1 runed translucent door, Crazy Yiuf


Innate Abilities, Weirdness & Mutations

You have a beak for a mouth.
You have claws for feet.
Your magical nature lets you fly swiftly and evasively.


Message History

Aim: a swamp drake (71% to hit)
Okay, then.
You are too injured to fight recklessly!
Casting: Shock (safe; 1% risk of failure)
Confirm with . or Enter, or press ? or * to list all spells.
Aiming: Shock (safe; 1% risk of failure)
Press: ? - help, Shift-Dir - straight line, f/p - swamp drake
Aim: a swamp drake (71% to hit)
Okay, then.
Casting: Shock (safe; 1% risk of failure)
Confirm with . or Enter, or press ? or * to list all spells.
Okay, then.
Casting: Shock (safe; 1% risk of failure)
Confirm with . or Enter, or press ? or * to list all spells.
Okay, then.
Unknown command.
Casting: Shock (safe; 1% risk of failure)
Confirm with . or Enter, or press ? or * to list all spells.
The swamp drake is struck by an arc of lightning.
The swamp drake is lightly wounded.
You are struck by an arc of lightning.
The bullfrog is struck by an arc of lightning.
The bullfrog is heavily wounded.
The lightning grounds out.
The bullfrog is struck by an arc of lightning.
The bullfrog is severely wounded.
You are struck by an arc of lightning.
* * * LOW HITPOINT WARNING * * *
The swamp drake is struck by an arc of lightning.
The swamp drake is lightly wounded.
You are struck by an arc of lightning.
* * * LOW HITPOINT WARNING * * *
The lightning grounds out.
The swamp drake bites you.
* * * LOW HITPOINT WARNING * * *
The bullfrog barely misses you.
It was a potion of degeneration.
There was something very wrong with that liquid.
You feel weakened.
You feel dopey.
You feel clumsy. The bullfrog closely misses you. The swamp drake bites you!
You die...

#.
#{#....###########
# #.###### #.# #.#
#.# #.# #.#
#.#############
#..?..k@F......
###############


You could see a swamp drake and a bullfrog.

Vanquished Creatures
  Pikel (D:4)
  A black bear (D:4)
  A bullfrog (D:6)
  A scorpion (D:5)
  2 hounds
  A jelly (D:5)
  An orc priest (D:6)
  Terence (D:2)
  5 iguanas
  An orc wizard (D:4)
  5 adders
  A shadow imp (D:6)
  2 white imps
  3 worms
  3 dart slugs
  21 orcs
  6 ball pythons
  3 endoplasms
  5 giant cockroaches
  7 goblins
  9 hobgoblins
  2 jackals (D:1)
  A quokka (D:4)
  5 bats
  3 frilled lizards
  12 kobolds
  6 rats
109 creatures vanquished.

Notes
Turn   | Place    | Note
-------+----------+-------------------------------------------
     0 | D:1      | Dawnplanks the Tengu Air Elementalist began the quest for
                  | the Orb.
     0 | D:1      | Reached XP level 1. HP: 10/10 MP: 4/4
   174 | D:1      | Found a faded altar of an unknown god.
   354 | D:1      | Reached XP level 2. HP: 15/15 MP: 1/6
   884 | D:1      | Reached XP level 3. HP: 19/19 MP: 3/7
  1109 | D:1      | Learned a level 2 spell: Static Discharge
  1468 | D:1      | Learned a level 3 spell: Swiftness
  1696 | D:2      | Reached skill level 5 in Air Magic
  1913 | D:2      | Found a broken altar of Ashenzari.
  1918 | D:2      | Noticed Terence
  1960 | D:2      | Killed Terence
  1961 | D:2      | Reached XP level 4. HP: 16/24 MP: 0/8
  3134 | D:3      | Gained mutation: Your magical nature lets you fly swiftly
                  | and evasively. [Tengu growth]
  3134 | D:3      | Reached XP level 5. HP: 16/28 MP: 1/10
  4115 | D:4      | Reached skill level 6 in Air Magic
  4148 | D:4      | Noticed Pikel
  4148 | D:4      | Noticed a lemure
  4149 | D:4      | Noticed a lemure
  4151 | D:4      | Noticed a lemure
  4154 | D:4      | Learned a level 4 spell: Airstrike
  4154 | D:4      | Noticed a lemure
  4467 | D:4      | Noticed a black bear
  4473 | D:4      | Killed a black bear
  4474 | D:4      | Reached XP level 6. HP: 33/33 MP: 5/12
  4675 | D:4      | Noticed an Executioner
  4676 | D:4      | Found a burning altar of Makhleb.
  4681 | D:4      | Found a glowing silver altar of Zin.
  4681 | D:4      | Noticed an angel
  4903 | D:4      | Killed Pikel
  4904 | D:4      | Reached skill level 1 in Fighting
  4904 | D:4      | Reached skill level 5 in Spellcasting
  4904 | D:4      | Reached skill level 7 in Air Magic
  4904 | D:4      | Reached XP level 7. HP: 23/38 MP: 0/15
  5219 | D:5      | Entered Level 5 of the Dungeon
  5219 | D:5      | Found an iron altar of Okawaru.
  5267 | D:5      | Reached skill level 5 in Conjurations
  5267 | D:5      | Reached XP level 8. HP: 43/43 MP: 8/16
  5324 | D:5      | Found a basalt altar of Yredelemnul.
  5412 | D:5      | Found a radiant altar of Vehumet.
  5565 | D:5      | Found a broken altar of Ashenzari.
  5790 | D:5      | Became a worshipper of Vehumet
  5849 | D:5      | Found a runed translucent door.
  5850 | D:5      | Noticed Crazy Yiuf
  6302 | D:6      | Reached skill level 1 in Summonings
  6457 | D:6      | HP: 2/43 [swamp drake (4)]
  6458 | D:6      | Mangled by a swamp drake

Illustrated notes

Levels and vault maps discovered:
D:1:      psy_arrival_fountain, layout_basic,
          hellmonk_ecumenical_altar_heavens_door, serial_forest,
          infiniplex_forest_clump_diagonal, infiniplex_forest_end_3,
          infiniplex_forest_clump_small, infiniplex_forest_corner_2,
          infiniplex_forest_straight_3, infiniplex_forest_zigzag_2,
          infiniplex_forest_clump_diagonal, infiniplex_forest_clump_diagonal,
          infiniplex_forest_pool, minmay_hedge_maze,
          nicolae_concentric_dashed_squares_wild, minmay_domino_2
D:2:      layout_basic, basic_altar, chequers_serial_rivers_large_a,
          uniq_terence
D:3:      layout_rooms, moated_statue
D:4:      layout_gridville, grunt_temple_overflow_order_and_chaos_2,
          minmay_statues_item, guppyfry_early_lair_pool, uniq_pikel
D:5:      layout_cave_pools, grunt_temple_overflow_open, lemuel_doored_altar,
          lemuel_round_altar, uniq_crazy_yiuf_cottage
D:6:      layout_basic, minmay_temple_entry_glassed_door

Skill      XL: |  1  2  3  4  5  6  7  8 |
---------------+-------------------------+-----
Air Magic      | 5 6 7 |  7.6
Conjurations   | 2 3 4 5 |  5.3
Spellcasting   | 3 5 |  5.6
Fighting       | 1 |  1.1
Armour         | 2 3 |  3.0
Summonings     | 1 |  1.0
Dodging        | |  2.8
Stealth        | |  2.9

Action                     |  1- 3 |  4- 6 |  7- 9 || total
---------------------------+-------+-------+-------++-------
  Melee: Unarmed           |     4 |       |       ||     4
         Peck              |     1 |       |       ||     1
   Cast: Shock             |    82 |   161 |    77 ||   320
         Static Discharge  |     2 |     3 |     1 ||     6
         Swiftness         |     1 |       |       ||     1
         Airstrike         |       |     1 |       ||     1
  Evoke: Wand              |       |       |     2 ||     2
    Use: Potion            |       |       |     1 ||     1
 Armour: Robe              |     1 |       |       ||     1
         Leather armour    |       |     1 |     1 ||     2
  Dodge: Dodged            |    20 |    42 |    17 ||    79

Table legend: (Time is in decaauts)
 A = Elapsed time spent in this place.
 B = Non-inter-level travel time spent in this place.
 C = Inter-level travel time spent in this place.
 D = Time resting spent in this place.
 E = Time spent auto-exploring this place.
 F = Levels seen in this place.
 G = Mean time per level.
                   A        B        C        D        E       F      G
               +--------+--------+--------+--------+--------+-----+--------+
         Total |   6288 |   6141 |    147 |    132 |   5255 |   6 | 1048.0 |
       Dungeon |   6288 |   6141 |    147 |    132 |   5255 |   6 | 1048.0 |
               +--------+--------+--------+--------+--------+-----+--------+

Top non-repeatable levels by time:
     D:1: 1510 daAuts
     D:4: 1378 daAuts
     D:2: 1308 daAuts
     D:3: 922 daAuts
     D:5: 726 daAuts
     D:6: 441 daAuts
